 Dungeon Crawl Stone Soup version 0.28-a0-983-g1de4e0787c (webtiles) character file.

Game seed: 9857144330835325821

18911 Peloso the Carver (level 12, -9/101 (106) HPs)
             Began as a Minotaur Fighter on Dec 3, 2021.
             Was a High Priest of Okawaru.
             Killed from afar by an orc sorcerer (32 damage)
             ... with a bolt of negative energy
             ... while paralysed by an orc sorcerer
             ... on level 2 of the Orcish Mines.
             The game lasted 00:33:21 (14576 turns).

Peloso the Carver (Minotaur Fighter)               Turns: 14576, Time: 00:33:21

HP:   -9/101 (106)  AC: 19    Str: 17      XL:     12   Next: 31%
MP:   11/11         EV:  2    Int:  6 (8)  God:    Okawaru [*****.]
Gold: 932           SH:  0    Dex: 20      Spells: 11/11 levels left

rFire   + . .      SeeInvis .   a - +8 falchion "Vudat" {vorpal, rElec rPois Str-5 Int+3}
rCold   . . .      Faith    .   c - +0 tower shield
rNeg    . . .      Spirit   .   e - +2 scale mail {rF+}
rPois   +          Reflect  .   (helmet restricted)
rElec   +          Harm     .   t - +1 cloak
rCorr   .          Rampage  .   o - +1 pair of gloves
Will    .....                   (no boots)
Stlth   +.........              (no amulet)
HPRegen 0.26/turn               h - +4 ring of protection
MPRegen 0.12/turn               l - +6 ring of dexterity

@: paralysed, lightly drained
A: horns 2, retaliatory headbutt
a: Renounce Religion, Heroism, Finesse, Duel


You were on level 2 of the Orcish Mines.
You worshipped Okawaru.
Okawaru was extremely pleased with you.
You visited 4 branches of the dungeon, and saw 16 of its levels.
You also visited: Sewer and Ossuary.

You collected 1435 gold pieces.
You spent 503 gold pieces at shops.

Inventory:

Hand Weapons
 a - the +8 falchion "Vudat" (weapon) {vorpal, rElec rPois Str-5 Int+3}
   (You took it off a gnoll sergeant on level 5 of the Dungeon)

   It inflicts extra damage upon your enemies.
   Str:       It affects your strength (-5).
   Int:       It affects your intelligence (+3).
   rElec:     It insulates you from electricity.
   rPois:     It protects you from poison.
 b - a +0 whip of flaming
 y - a +0 double sword
Armour
 c - a +0 tower shield (worn)
 e - a +2 scale mail of fire resistance (worn)
 k - a +0 plate armour
 o - a +1 pair of gloves (worn)
 t - a +1 cloak (worn)
Jewellery
 h - a +4 ring of protection (left hand)
 l - a +6 ring of dexterity (right hand)
 B - a ring of ice
 F - a +6 ring of strength
Scrolls
 x - a scroll of identify
 A - 4 scrolls of teleportation
 C - a scroll of blinking
 D - 2 scrolls of fear
 E - 3 scrolls of fog
 G - 3 scrolls of amnesia
 K - 2 scrolls of acquirement
Potions
 d - 7 potions of heal wounds
 f - 3 potions of ambrosia
 g - 6 potions of haste
 i - 5 potions of mutation {unknown}
 j - 5 potions of brilliance
 n - 4 potions of flight
 q - 4 potions of curing
 u - 2 potions of cancellation
 w - 2 potions of might
 z - 3 potions of resistance
Miscellaneous
 H - a piece from Xom's chessboard (15/15)


   Skills:
 + Level 10.0 Fighting
 + Level 14.1 Long Blades
 + Level 10.1 Armour
 + Level 6.6 Dodging
 + Level 2.0 Stealth
 + Level 13.4 Shields
 + Level 0.1 Invocations
 + Level 0.5 Evocations


You had 11 spell levels left.
You didn't know any spells.
Your spell library contained the following spells:

 Spells                   Type           Power      Damage    Failure   Level
 Apportation              Tloc           0%         N/A       99%         1
 Beastly Appendage        Tmut           0%         N/A       99%         1
 Shock                    Conj/Air       0%         1d3       99%         1
 Blink                    Tloc           0%         N/A       100%        2
 Wereblood                Tmut           0%         N/A       100%        2
 Spider Form              Tmut/Pois      0%         N/A       100%        3
 Swiftness                Air            0%         N/A       100%        3
 Airstrike                Air            0%         N/A       100%        4
 Cause Fear               Hex            0%         N/A       100%        4
 Hailstorm                Conj/Ice       0%         3d3       100%        4
 Ice Form                 Ice/Tmut       0%         N/A       100%        4
 Passage of Golubria      Tloc           0%         N/A       100%        4
 Alistair's Intoxication  Tmut/Pois      0%         N/A       100%        5
 Silence                  Hex/Air        0%         N/A       100%        5
 Dragon Form              Tmut           0%         N/A       100%        7
 Lehudib's Crystal Spear  Conj/Erth      0%         10d2      100%        8
 Summon Guardian Golem    Hex/Summ       Unusable   N/A       N/A         3
 Simulacrum               Ice/Necr       Unusable   N/A       N/A         6
 Malign Gateway           Summ/Tloc      Unusable   N/A       N/A         7
 Dragon's Call            Summ           Unusable   N/A       N/A         9

Dungeon Overview and Level Annotations

Branches:
Dungeon (12/15)            Temple (1/1) D:6            Lair (1/6) D:11
    Orc (2/2) D:9           Sewer (visited)         Ossuary (visited)
    Elf: Orc:2

Altars:
Cheibriados
Dithmenos
Elyvilon
Fedhas
Gozag
Hepliaklqana
Kikubaaqudgha
Makhleb
Nemelex Xobeh
Okawaru
Qazlal
Ru
Sif Muna
Trog
Uskayaw
Vehumet
Wu Jian
Xom
Yredelemnul
Zin
The Shining One

Shops:
D:1 :*   D:6 *   D:7 *(([!   D:10 ?   D:12 *

Annotations:
D:5 4 runed translucent doors
Lair:1 2 transporters, Paedorr's ghost, journeyman GrFi
Orc:2 fly's ghost, adept FoDe


Innate Abilities, Weirdness & Mutations

You have a pair of horns on your head.
You reflexively headbutt those who attack you in melee.


Message History

The orc sorcerer is moderately wounded.
The orc sorcerer gestures wildly while chanting.
Unknown command.
You slash the orc sorcerer!
The orc sorcerer is heavily wounded.
The orc sorcerer points at you and mumbles some strange words.
The bolt of fire hits you. You resist.
You hit the orc sorcerer but do no damage.
Your headbutt misses the orc sorcerer.
The orc sorcerer is heavily wounded.
The smoke demon gestures at you. The ball of steam hits you. You resist.
You block the orc sorcerer's attack.
You miss the orc sorcerer.
The orc sorcerer is heavily wounded.
The smoke demon gestures at you. Something smites you!
The orc sorcerer is engulfed in a cloud of scalding steam.
The orc sorcerer points at you and mumbles some strange words.
You suddenly lose the ability to move!
The orc sorcerer hits you with a +0 dagger.
The smoke demon hits you but does no damage. x3
The orc sorcerer is engulfed in a cloud of scalding steam.
The orc sorcerer mumbles some strange words.
The smoke demon hits you but does no damage. x3
The orc sorcerer is engulfed in a cloud of scalding steam.
The orc sorcerer hits you but does no damage.
The smoke demon hits you.
The smoke demon hits you but does no damage. x2
The orc sorcerer casts a spell.
The smoke demon hits you but does no damage. x3
The orc sorcerer hits you but does no damage.
The chaos spawn gores you.
You are engulfed in flames.
You resist.
* * * LOW HITPOINT WARNING * * *
The smoke demon hits you.
* * * LOW HITPOINT WARNING * * *
The smoke demon hits you but does no damage.
The smoke demon completely misses you.
The orc sorcerer gestures at you while chanting.
The bolt of negative energy hits you!!
You feel drained.
You die...

..## #......##.# ###8...8#
...#### ##.....#o.# ##.#.....#
....#.## ##........####..#.....#
.......####.....................#
......##.#....##3........).......
............###.........)........
#...........####)##..............
.......###..#.###o)#.#..........#
....######.....#@34.##...........
.....# #.....#..4...............
....## ##.......................
...## ###.................#...
.### #..................#... ##
##.....#...........# #
#............... #.....#.........
##.#####.#..###.


You could see a smoke demon (summoned), 2 chaos spawn and an orc sorcerer.

Vanquished Creatures
  3 two-headed ogres
  Pikel (D:4)
  An orc knight (Orc:2)
  2 cyclopes (D:11)
  A black mamba (Lair:1)
  6 cane toads (Lair:1)
  6 komodo dragons
  Psyche (D:8)
  A rime drake (Lair:1)
  2 trolls
  Prince Ribbit (D:5)
  Grinder (D:3)
  5 slime creatures (D:10)
  A shadow (D:11)
  A basilisk (D:12)
  12 yaks
  A vampire (D:9)
  Grum (D:11)
  Edmund (D:6)
  2 wargs (Orc:2)
  2 acid dragons
  2 water moccasins (Lair:1)
  Duvessa (D:6)
  12 orc warriors
  2 black bears
  A necrophage (D:8)
  2 sky beasts
  6 ogres
  4 wolves (D:11)
  3 phantoms
  A centaur (D:10)
  5 kobold brigands
  Blork the orc (D:5)
  8 bullfrogs
  2 gnoll sergeants
  A wyvern zombie (D:7)
  2 scorpions
  A water moccasin zombie (D:4)
  Dowan (D:6)
  10 killer bees (D:9)
  3 howler monkeys
  3 centaur zombies
  A hound (D:5)
  3 jellies
  11 orc priests
  A centaur skeleton (D:5)
  A bullfrog skeleton (D:6)
  Crazy Yiuf (D:2)
  A gnoll shaman (D:8)
  Ijyb (D:4)
  2 iguanas
  12 orc wizards
  8 mummies (Ossuary)
  A howler monkey zombie (D:7)
  3 adders
  12 gnolls
  A river rat (Sewer)
  2 shadow imps (D:6)
  A white imp (D:5)
  3 ufetubi
  4 worms
  6 dart slugs
  33 orcs
  4 bats
  3 endoplasms
  5 giant cockroaches
  4 gnoll zombies (Ossuary)
  6 goblins
  11 hobgoblins
  3 jackals
  5 quokkas
  5 ball pythons
  3 frilled lizards
  28 kobolds
  2 kobold zombies (Ossuary)
  2 orc zombies (Ossuary)
  10 rats
322 creatures vanquished.

Vanquished Creatures (others)
  11 fungi
  3 plants (D:11)
14 creatures vanquished.

Grand Total: 336 creatures vanquished

Notes
Turn   | Place    | Note
-------+----------+-------------------------------------------
     0 | D:1      | Peloso the Minotaur Fighter began the quest for the Orb.
     0 | D:1      | Reached XP level 1. HP: 19/19 MP: 0/0
    51 | D:1      | Found Xana's Book Shoppe.
   233 | D:1      | Reached XP level 2. HP: 26/27 MP: 1/1
   456 | D:1      | Found Viset's General Store.
  1029 | D:2      | Reached XP level 3. HP: 31/33 MP: 2/2
  1066 | D:2      | Found a faded altar of an unknown god.
  1315 | D:2      | Reached skill level 3 in Long Blades
  1862 | D:2      | Found a runed translucent door.
  1863 | D:2      | Noticed Crazy Yiuf
  1952 | D:2      | Killed Crazy Yiuf
  1953 | D:2      | Reached XP level 4. HP: 27/41 MP: 3/3
  2259 | D:3      | Noticed Grinder
  2270 | D:3      | Killed Grinder
  2271 | D:3      | Reached skill level 5 in Long Blades
  2271 | D:3      | Reached skill level 5 in Armour
  2271 | D:3      | Reached XP level 5. HP: 47/47 MP: 4/4
  2271 | D:3      | Reached XP level 6. HP: 55/55 MP: 5/5
  2834 | D:4      | Reached skill level 5 in Fighting
  3020 | D:4      | Reached skill level 5 in Shields
  3020 | D:4      | Reached XP level 7. HP: 30/61 MP: 6/6
  3086 | D:4      | Noticed Ijyb
  3095 | D:4      | Killed Ijyb
  3138 | D:4      | Noticed Pikel
  3148 | D:4      | Killed Pikel
  3149 | D:4      | Reached skill level 7 in Long Blades
  3149 | D:4      | Reached skill level 1 in Dodging
  3195 | D:4      | Reached XP level 8. HP: 47/70 MP: 7/7
  3515 | D:4      | Found a glowing drain.
  3526 | Sewer    | Entered a sewer
  3765 | Sewer    | Found a white marble altar of Elyvilon.
  4007 | D:4      | Got the Disquisition on Bewitchment and the Compass
  4163 | D:5      | Entered Level 5 of the Dungeon
  4324 | D:5      | Noticed Prince Ribbit
  4325 | D:5      | Identified the +8 falchion "Vudat" {vorpal, rElec rPois
                  | Str-5 Int+3}
  4360 | D:5      | Reached skill level 8 in Long Blades
  4373 | D:5      | Killed Prince Ribbit
  4553 | D:5      | Noticed Blork the orc
  4559 | D:5      | Killed Blork the orc
  4841 | D:5      | Found a large runed translucent door.
  4842 | D:5      | Found a large runed translucent door.
  4856 | D:5      | Found a large runed translucent door.
  4856 | D:5      | Found a large runed translucent door.
  4884 | D:5      | Reached XP level 9. HP: 78/78 MP: 8/8
  4986 | D:5      | Noticed a troll
  4991 | D:5      | Killed a troll
  4992 | D:5      | Reached skill level 9 in Long Blades
  5358 | D:6      | Noticed Dowan
  5363 | D:6      | Noticed Duvessa
  5377 | D:6      | Killed Duvessa
  5386 | D:6      | Killed Dowan
  5455 | D:6      | Found a staircase to the Ecumenical Temple.
  5481 | D:6      | Noticed Edmund
  5489 | D:6      | Killed Edmund
  5548 | D:6      | Reached skill level 10 in Long Blades
  5565 | D:6      | Found Xerocef's Lightly-Used Armoury.
  5570 | D:6      | Found a sand-covered staircase.
  5587 | Ossuary  | Entered an ossuary
  5888 | D:6      | Bought a -1 double sword for 150 gold pieces
  6459 | D:6      | Found a white marble altar of Elyvilon.
  6460 | D:6      | Found a stormy altar of Qazlal.
  6493 | Temple   | Entered the Ecumenical Temple
  6556 | Temple   | Became a worshipper of Warmaster Okawaru
  6606 | D:7      | Found Ceruuqaimm's Antique Armour Emporium.
  6614 | D:7      | Found Ataaps's Weapon Shop.
  6666 | D:7      | Found Febyb's Distillery.
  6767 | D:7      | Found Penoix's General Store.
  6776 | D:7      | Bought a scroll of identify for 22 gold pieces
  6844 | D:7      | Found a shimmering altar of Xom.
  6957 | D:7      | Reached XP level 10. HP: 85/86 MP: 9/9
  6969 | D:7      | Found Mixem's Weapon Shoppe.
  7343 | D:8      | Reached * piety under Okawaru
  7539 | D:8      | Noticed Psyche
  7561 | D:8      | Killed Psyche
  7855 | D:9      | Found a staircase to the Orcish Mines.
  8184 | D:9      | Found a snail-covered altar of Cheibriados.
  8326 | D:9      | Reached skill level 11 in Long Blades
  8326 | D:9      | Reached skill level 1 in Stealth
  8660 | D:9      | Reached ** piety under Okawaru
  8661 | D:9      | Reached skill level 5 in Dodging
  8882 | D:9      | Reached skill level 10 in Shields
  9024 | D:10     | Entered Level 10 of the Dungeon
  9065 | D:10     | Found Axilath's Magic Scroll Boutique.
  9065 | D:10     | Noticed a two-headed ogre
  9078 | D:10     | Killed a two-headed ogre
  9102 | D:10     | Bought a scroll of identify for 32 gold pieces
  9543 | D:10     | Reached *** piety under Okawaru
  9750 | D:10     | Identified the ring of the Messenger {rPois rC+ rN+ Str-5}
 10052 | D:10     | Reached XP level 11. HP: 74/95 MP: 10/10
 10705 | D:7      | Bought a potion of degeneration for 11 gold pieces
 10736 | D:7      | Bought a bronze scale mail for 288 gold pieces
 10736 | D:7      | Identified the +0 scale mail of Prudence {Fly} (You bought
                  | it in a shop on level 7 of the Dungeon)
 10868 | D:11     | Reached skill level 12 in Long Blades
 10937 | D:11     | Noticed a two-headed ogre
 10945 | D:11     | Killed a two-headed ogre
 11190 | D:11     | Noticed Grum
 11205 | D:11     | Killed Grum
 11205 | D:11     | Reached **** piety under Okawaru
 11688 | D:11     | Found a staircase to the Lair.
 11932 | D:11     | Noticed a two-headed ogre
 11938 | D:11     | Killed a two-headed ogre
 11963 | D:11     | Identified a scroll of acquirement
 12168 | D:12     | Reached ***** piety under Okawaru
 12316 | D:12     | Found Lodghoe's Assorted Antiques.
 12577 | Lair:1   | Entered Level 1 of the Lair of Beasts
 12591 | Lair:1   | Reached skill level 13 in Long Blades
 12886 | Lair:1   | Reached skill level 10 in Armour
 13205 | Lair:1   | Noticed Paedorr's ghost (journeyman GrFi)
 13217 | Lair:1   | Found a transporter.
 13226 | Lair:1   | Received a gift from Okawaru
 13227 | Lair:1   | Reached XP level 12. HP: 97/105 MP: 11/11
 13612 | Lair:1   | Found a transporter.
 13955 | Orc:1    | Entered Level 1 of the Orcish Mines
 14090 | Orc:2    | Entered Level 2 of the Orcish Mines
 14090 | Orc:2    | Found a radiant altar of Vehumet.
 14363 | Orc:2    | Reached skill level 14 in Long Blades
 14371 | Orc:2    | Noticed a two-headed ogre
 14375 | Orc:2    | Noticed an orc warlord
 14382 | Orc:2    | Noticed fly's ghost (adept FoDe)
 14545 | Orc:2    | Reached skill level 10 in Fighting
 14570 | Orc:2    | Paralysed by an orc sorcerer for 7 turns
 14576 | Orc:2    | Killed from afar by an orc sorcerer

Illustrated notes

Levels and vault maps discovered:
D:1:      mrwooster_arrival_arrow, layout_basic, serial_shops,
          nicolae_shop_crystal, nicolae_shop_behind_doors
D:2:      layout_loops_ring, chequers_ecumenical_altar_simple_redux,
          minmay_misc_feat_cross, minivault_26, uniq_crazy_yiuf_cottage
D:3:      layout_loops_cross, serial_park_tiny_pond, skrybe_limestone_x,
          uniq_grinder
D:4:      layout_gridville, cheibrodos_sewer_entry_bend, uniq_pikel, uniq_ijyb
D:5:      layout_basic, minmay_misc_feat_x, minmay_hollow_rounded_squares,
          uniq_blork_the_orc, uniq_prince_ribbit1
D:6:      layout_basic, gammafunk_temple_overflow_statue,
          minmay_temple_entry_glass, enter_ossuary_3,
          minmay_misc_feat_diagonals, minmay_shop_damaged, minmay_statues_item,
          uniq_edmund, uniq_duvessa
D:7:      layout_cave_pools, mainiacjoe_overflow_24_doors, serial_shops,
          nicolae_square_shop, shop, nicolae_shop_bloodbath_and_beyond,
          nicolae_shop_crystal, nicolae_shop_hallway_plus,
          chequers_serial_rivers_small_a
D:8:      layout_basic, nicolae_elevator_lobby_plus, uniq_psyche
D:9:      layout_loops_cross, slow_altar_1, david_orc_3, corexii_checkpoint_b,
          nrook_loot_triangle
D:10:     layout_stronghold, serial_shops, nicolae_diamond_shop, minivault_10
D:11:     layout_basic, grunt_lair_entry_orc_guard_hut, uniq_grum
D:12:     layout_cave_pools, serial_shops, nicolae_shop_overgrown_old_shop
Temple:   regret_index_temple_mists
Lair:1:   layout_hall_layers, gammafunk_ghost_arena, serial_bayou_shore_b,
          lemuel_fruit_fields, grunt_megastairs_4
Orc:1:    layout_diamond_mine, uniq_sonja
Orc:2:    grunt_orc_cross, layout_diamond_mine, basic_altar,
          gammafunk_ghost_wrathful_warriors

Skill      XL: |  1  2  3  4  5  6  7  8  9 10 11 12 |
---------------+-------------------------------------+-----
Fighting       | 4 5 6 7 8 9 10 | 10.0
Shields        | 4 5 7 9 10 12 13 | 13.4
Armour         | 4 5 6 7 8 9 10 | 10.1
Long Blades    | 3 5 7 8 10 11 13 14 | 14.1
Dodging        | 1 2 4 5 6 |  6.6
Stealth        | 1 2 |  2.0
Invocations    | |  0.1
Evocations     | |  0.5

Action                   |  1- 3 |  4- 6 |  7- 9 | 10-12 || total
-------------------------+-------+-------+-------+-------++-------
Melee: Long sword        |   102 |    56 |   102 |       ||   260
       Headbutt          |    18 |    13 |    65 |   145 ||   241
       Falchion          |       |       |   179 |   543 ||   722
Invok: Heroism           |       |       |       |     3 ||     3
Evoke: Wand              |       |       |       |     7 ||     7
  Use: Scroll            |       |     6 |    10 |     4 ||    20
       Potion            |       |     2 |     1 |       ||     3
Armor: Scale mail        |    59 |    43 |    93 |   172 ||   367
       Skin              |       |       |       |    10 ||    10
Dodge: Dodged            |    43 |    47 |    92 |   102 ||   284
Block: Buckler           |    16 |    24 |    24 |       ||    64
       Tower shield      |       |       |   216 |   454 ||   670

Table legend: (Time is in decaauts)
 A = Elapsed time spent in this place.
 B = Non-inter-level travel time spent in this place.
 C = Inter-level travel time spent in this place.
 D = Time resting spent in this place.
 E = Time spent auto-exploring this place.
 F = Levels seen in this place.
 G = Mean time per level.
                   A        B        C        D        E       F      G
               +--------+--------+--------+--------+--------+-----+--------+
         Total |  14731 |  13675 |   1056 |    376 |   9757 |  18 |  818.4 |
       Dungeon |  12068 |  11047 |   1021 |    163 |   8319 |  12 | 1005.7 |
        Temple |    113 |    113 |      0 |      0 |      0 |   1 |  113.0 |
          Lair |   1304 |   1271 |     33 |      0 |    911 |   1 | 1304.0 |
  Orcish Mines |    606 |    606 |      0 |    213 |    192 |   2 |  303.0 |
         Sewer |    342 |    342 |      0 |      0 |    197 |   1 |  342.0 |
       Ossuary |    296 |    296 |      0 |      0 |    137 |   1 |  296.0 |
               +--------+--------+--------+--------+--------+-----+--------+

Top non-repeatable levels by time:
    D:10: 1421 daAuts
    D:11: 1317 daAuts
  Lair:1: 1304 daAuts
     D:5: 1261 daAuts
     D:9: 1205 daAuts
     D:2: 1188 daAuts
     D:1: 1088 daAuts
     D:4: 1053 daAuts
     D:6: 946 daAuts
     D:3: 755 daAuts
     D:8: 711 daAuts
     D:7: 695 daAuts
    D:12: 423 daAuts
   Orc:1: 360 daAuts
   Sewer: 342 daAuts
